 Dungeon Crawl Stone Soup version 0.18.1-47-g9310371 (webtiles) character file.

17433 juanjsm the Covert (level 12, -7/48 HPs)
             Began as a Spriggan Enchanter on June 21, 2016.
             Was a High Priest of Okawaru.
             Mangled by an eight-headed hydra (14 damage)
             ... on level 3 of the Lair of Beasts.
             The game lasted 01:10:18 (11797 turns).

juanjsm the Covert (Spriggan Enchanter)            Turns: 11797, Time: 01:10:19

Health: -7/48      AC:  9    Str:  6    XL:     12   Next: 18%
Magic:  7/28       EV: 27    Int: 20    God:    Okawaru [*****.]
Gold:   689        SH:  0    Dex: 21    Spells: 5 memorised, 22 levels left

rFire  . . .     SeeInvis +     k - +1 dagger (elec)
rCold  + . .     Gourm    .     C - +0 robe {rC+}
rNeg   + . .     Faith    .     (shield restricted)
rPois  .         Spirit   .     a - +2 hat {Int+3}
rElec  +         Dismiss  .     p - +2 cloak
rCorr  .         Reflect  .     (gloves unavailable)
SustAt .         Harm     .     (boots unavailable)
MR     ++...     Rnd*Tele +     (no amulet)
Stlth  +++++++...               J - ring of flight
                                c - ring of positive energy (curse)

@: very quick, very resistant to hostile enchantments, extremely stealthy
A: unfitting armour, thin metallic scales 1, see invisible, herbivore 3, speed
3, frail 1, electricity resistance, slow metabolism 2, strong 1, teleportitis 1,
wild magic 1, MP-powered wands
a: Heroism, Finesse, Renounce Religion, Evoke Flight


You were on level 3 of the Lair of Beasts.
You worshipped Okawaru.
Okawaru was extremely pleased with you.
You were full.

You visited 3 branches of the dungeon, and saw 16 of its levels.
You also visited: Sewer and Ossuary.

You collected 689 gold pieces.

Inventory:

Hand Weapons
 k - a +1 dagger of electrocution (weapon)
Armour
 a - a +2 hat of intelligence (worn)
 p - a +2 cloak (worn)
 C - a +0 robe of cold resistance (worn)
Magical Staves
 b - an uncursed staff of wizardry {unknown}
 i - a cursed staff of poison {unknown}
Jewellery
 c - a cursed ring of positive energy (left hand)
 A - a +4 ring of protection
 J - a ring of flight (right hand)
Wands
 s - a wand of lightning (7/15)
 F - a wand of acid (10/15)
 L - a wand of digging (12/24)
 M - a wand of teleportation (4/9)
Scrolls
 e - a scroll of recharging {unknown}
 g - 5 scrolls of teleportation
 l - 3 scrolls of fear {unknown}
 q - 2 scrolls of noise {unknown}
 r - 2 scrolls of identify
 y - 2 scrolls of immolation {unknown}
 B - a scroll of summoning {unknown}
 E - 4 scrolls of vulnerability {unknown}
 O - a scroll of enchant armour {unknown}
 U - a scroll of blinking {unknown}
Potions
 h - 3 potions of flight
 j - a potion of haste
 o - 3 potions of agility
 t - 2 potions of might
 w - 2 potions of brilliance
 x - 3 potions of magic
 z - a potion of ambrosia
 P - 2 potions of heal wounds
 Y - 2 potions of curing
Comestibles
 d - 8 bread rations
 f - 19 royal jellies
 T - 19 fruits


   Skills:
 + Level 2.3 Fighting
 * Level 8.9 Short Blades
 * Level 9.3 Dodging
 + Level 14.2 Stealth
 * Level 11.6 Spellcasting
 + Level 0.4 Conjurations
 + Level 9.5 Hexes
 + Level 3.7 Ice Magic
 * Level 8.4 Evocations


You had 22 spell levels left.
You knew the following spells:

 Your Spells              Type           Power        Failure   Level  Hunger
a - Corona                Hex            ######.      1%          1    None
b - Ensorcelled Hibernat  Hex/Ice        #####.       1%          2    None
c - Confuse               Hex            ######..     1%          3    None
d - Dazzling Spray        Conj/Hex       #####.       4%          3    None
e - Tukima's Dance        Hex            ######..     1%          3    None


Dungeon Overview and Level Annotations

Branches:
Dungeon (11/15)            Temple (1/1) D:6            Lair (4/8) D:8
    Orc (0/2) D:9
  Swamp: Lair:3-6    Shoals: Lair:3-6     Snake: Lair:3-6    Spider: Lair:3-6

Altars:
Ashenzari
Cheibriados
Dithmenos
Elyvilon
Fedhas
Kikubaaqudgha
Makhleb
Nemelex Xobeh
Okawaru
Qazlal
Ru
Sif Muna
Trog
Vehumet
Xom
Yredelemnul
Zin
The Shining One

Shops:
D:7 :   D:8 }

Annotations:
D:11 Fannar


Innate Abilities, Weirdness & Mutations

You are tiny and cannot use many weapons and most armour.
You have supernaturally acute eyesight.
You are a herbivore.
You cover ground extremely quickly.
You need consume almost no food.
You are partially covered in thin metallic scales (AC +2).
You are frail (-10% HP).
You are resistant to electric shocks.
Your muscles are strong. (Str +2)
You are occasionally teleported next to monsters.
Your spells are a little harder to cast, but a little more powerful.
You expend magic power (3 MP) to strengthen your wands.


Message History

The eight-headed hydra closely misses the giant frog. x2
The eight-headed hydra barely misses the giant frog. x2
The eight-headed hydra misses the giant frog.
The eight-headed hydra bites the giant frog.
The eight-headed hydra bites the giant frog!
The giant frog is killed!
Okawaru accepts your kill.
You hit the eight-headed hydra but do no damage.
You hit the eight-headed hydra.
The eight-headed hydra is lightly wounded.
The eight-headed hydra barely misses you.
The eight-headed hydra completely misses you.
The eight-headed hydra bites you!
The eight-headed hydra bites you but does no damage.
The eight-headed hydra bites you!
* * * LOW HITPOINT WARNING * * *
The eight-headed hydra bites you.
* * * LOW HITPOINT WARNING * * *
The eight-headed hydra bites you!
You die...

..# ####..## #..#
... ..# ##.P#
#.PPP.... .## #.##
#........ ..# #.#
## #..... ..## #.#
##... ##.##
####.## ###.##
###.#P..# .....#
#......## ##...#
##.@#### ##..#
###.D## #.##
#.#..# #### #.##
####....##...# #
#.P#
#............# #.
#..#
#.####P..#.#.# #.
##.####.. #...# #
..
##...P....##.##>##
.#
..#..P.P#........#
.


You could see an eight-headed hydra (confused).

Vanquished Creatures
  Gastronok (Lair:2)
  Erolcha (D:8)
  3 hydras
  Sonja (Lair:2)
  An ugly thing (D:8)
  Maurice (D:11)
  3 black mambas
  4 spiny frogs
  3 komodo dragons
  A queen bee (Lair:3)
  Sigmund (D:5)
  A wraith (Ossuary)
  A spriggan (D:7)
  6 yaks (Lair:2)
  Eustachio (D:5)
  2 hippogriffs
  Grum (Lair:1)
  A basilisk (Lair:1)
  2 hell hounds (D:8)
  3 porcupines
  8 water moccasins
  Purgy (Sewer)
  An ice beast (D:7)
  A necrophage (D:7)
  4 wolves (Lair:1)
  A phantom (D:7)
  6 ogres
  3 centaurs
  6 crocodiles
  A big kobold (D:9)
  5 giant frogs
  A scorpion (D:7)
  7 wights
  26 killer bees
  A giant frog zombie (D:7)
  3 hounds
  3 orc priests
  6 orc wizards
  Crazy Yiuf (D:6)
  A giant frog skeleton (D:10)
  Ijyb (D:2)
  4 worker ants
  7 iguanas
  33 sheep
  A hound skeleton (D:4)
  2 mummies
  8 adders
  3 gnolls (D:6)
  17 river rats
  3 shadow imps
  An adder zombie (D:3)
  3 dart slugs
  A giant gecko (D:7)
  21 orcs
  6 ball pythons
  8 bats
  4 giant cockroaches
  6 goblins
  6 hobgoblins
  3 jackals (D:4)
  6 quokkas
  9 giant newts
  6 gnoll skeletons (Ossuary)
  6 kobolds
  6 kobold skeletons (Ossuary)
  13 orc skeletons (Ossuary)
  2 orc zombies (D:9)
  A quokka skeleton (D:7)
  8 rats
319 creatures vanquished.

Vanquished Creatures (others)
  An orc wizard (D:6)
  An orc (D:6)
  A fungus (Lair:2)
3 creatures vanquished.

Grand Total: 322 creatures vanquished

Notes
Turn   | Place    | Note
--------------------------------------------------------------
     0 | D:1      | juanjsm the Spriggan Enchanter began the quest for the Orb.
     0 | D:1      | Reached XP level 1. HP: 9/9 MP: 5/5
   138 | D:2      | Noticed Ijyb
   167 | D:1      | Reached XP level 2. HP: 13/13 MP: 6/6
   171 | D:1      | Learned a level 2 spell: Ensorcelled Hibernation
   440 | D:1      | Reached XP level 3. HP: 15/16 MP: 0/8
   790 | D:2      | Killed Ijyb
   790 | D:2      | Reached skill level 5 in Stealth
   895 | D:2      | Reached XP level 4. HP: 13/21 MP: 0/9
  1145 | D:2      | Found a shimmering altar of Xom.
  1270 | D:3      | Reached skill level 6 in Stealth
  1619 | D:4      | Found a shadowy altar of Dithmenos.
  1681 | D:4      | Got a dazzling war axe
  1740 | D:4      | Reached XP level 5. HP: 25/25 MP: 9/11
  1765 | D:4      | Found a glowing drain.
  1802 | D:4      | Reached skill level 1 in Ice Magic
  1812 | Sewer    | Entered a sewer
  2193 | Sewer    | Noticed Purgy
  2228 | Sewer    | Gained mutation: Your spells are a little harder to cast, but a little more powerful. [potion of mutation]
  2228 | Sewer    | Gained mutation: You are dopey. (Int -2) [potion of mutation]
  2228 | Sewer    | Gained mutation: You are frail (-10% HP). [potion of mutation]
  2237 | Sewer    | HP: 1/22 [Purgy (1)]
  2247 | Sewer    | Killed Purgy
  2247 | Sewer    | Reached XP level 6. HP: 8/26 MP: 12/12
  2260 | Sewer    | Learned a level 3 spell: Confuse
  2264 | Sewer    | Learned a level 3 spell: Dazzling Spray
  2302 | Sewer    | Reached skill level 7 in Stealth
  4158 | D:5      | Entered Level 5 of the Dungeon
  4172 | D:5      | Identified the +7 war axe "Taddug" {flame, rN+ Int+4 Stlth+} (You found it on level 4 of the Dungeon)
  4183 | D:5      | Got a slimy falchion
  4184 | D:5      | Identified the cursed +2 falchion "Xetet" {pain, rF+ rC+} (You found it on level 5 of the Dungeon)
  4203 | D:5      | Found a sparkling altar of Nemelex Xobeh.
  4203 | D:5      | Found a glowing golden altar of the Shining One.
  4252 | D:6      | Found a shattered altar of Ashenzari.
  4279 | D:6      | Gained mutation: You are resistant to electric shocks. [potion of mutation]
  4279 | D:6      | Gained mutation: Your muscles are strong. (Str +2) [potion of mutation]
  4279 | D:6      | Gained mutation: You are occasionally teleported next to monsters. [potion of mutation]
  4329 | D:6      | Found a sand-covered staircase.
  4343 | Ossuary  | Entered an ossuary
  4343 | Ossuary  | Noticed a wraith
  4343 | Ossuary  | Noticed a wraith
  4343 | Ossuary  | Noticed a wraith
  4480 | Ossuary  | Reached XP level 7. HP: 12/28 MP: 3/14
  4661 | Ossuary  | Lost mutation: Your muscles are strong. (Str +2) [potion of mutation]
  4661 | Ossuary  | Gained mutation: Your muscles are strong. (Str +2) [potion of mutation]
  4661 | Ossuary  | Gained mutation: You expend magic power (3 MP) to strengthen your wands. [potion of mutation]
  4962 | Ossuary  | Noticed a wraith
  5000 | Ossuary  | Killed a wraith
  5000 | Ossuary  | Reached skill level 1 in Fighting
  5101 | D:5      | Noticed Sigmund
  5114 | D:5      | Killed Sigmund
  5114 | D:5      | Reached skill level 8 in Stealth
  5114 | D:5      | Reached skill level 5 in Hexes
  5181 | D:5      | Reached skill level 5 in Spellcasting
  5435 | D:5      | Reached skill level 5 in Dodging
  5503 | D:5      | Reached skill level 5 in Short Blades
  5503 | D:5      | Reached XP level 8. HP: 33/33 MP: 7/16
  5508 | D:5      | Learned a level 3 spell: Tukima's Dance
  5532 | D:5      | Found a burning altar of Makhleb.
  5536 | D:5      | Noticed an Executioner
  5537 | D:5      | Found a glowing silver altar of Zin.
  5537 | D:5      | Noticed an angel
  5748 | D:5      | Noticed Eustachio
  5814 | D:5      | Killed Eustachio
  5814 | D:5      | Reached skill level 9 in Stealth
  6180 | D:7      | Reached skill level 1 in Evocations
  6391 | D:6      | Noticed Crazy Yiuf
  6397 | D:6      | Killed Crazy Yiuf
  6429 | D:6      | Found a staircase to the Ecumenical Temple.
  6435 | Temple   | Entered the Ecumenical Temple
  6603 | Temple   | Became a worshipper of Warmaster Okawaru
  7221 | D:7      | Reached XP level 9. HP: 36/36 MP: 0/19
  7270 | D:7      | Found Moolyurul's Book Boutique.
  7337 | D:7      | Reached * piety under Okawaru
  7337 | D:7      | Reached skill level 10 in Stealth
  7369 | D:7      | You fall through a shaft for 2 floors!
  7467 | D:9      | Found a staircase to the Orcish Mines.
  7551 | D:10     | Entered Level 10 of the Dungeon
  7746 | D:8      | Noticed Erolcha
  7748 | D:8      | Killed Erolcha
  7987 | D:8      | You fall through a shaft for 3 floors!
  8021 | D:11     | Noticed Maurice
  8036 | D:11     | Killed Maurice
  8036 | D:11     | Reached ** piety under Okawaru
  8077 | D:11     | Noticed a gargoyle
  8083 | D:11     | Noticed Fannar
  8138 | D:10     | Noticed a hill giant
  8159 | D:10     | Reached XP level 10. HP: 41/41 MP: 23/23
  8209 | D:10     | Noticed a hill giant
  8332 | D:10     | Reached skill level 11 in Stealth
  8425 | D:8      | Noticed a red ugly thing
  8442 | D:8      | Reached skill level 5 in Evocations
  8465 | D:8      | Killed a red ugly thing
  8537 | D:8      | Found Koischue's Gadget Emporium.
  8809 | D:8      | Found a staircase to the Lair.
  8930 | Lair:1   | Entered Level 1 of the Lair of Beasts
  8934 | Lair:1   | Noticed a five-headed hydra
  8960 | Lair:1   | Noticed a black mamba
  8967 | Lair:1   | Killed a black mamba
  9034 | Lair:1   | Reached *** piety under Okawaru
  9048 | Lair:1   | Noticed Grum
  9110 | Lair:1   | Found an ancient bone altar of Kikubaaqudgha.
  9149 | Lair:1   | Noticed a spiny frog
  9170 | Lair:2   | Reached skill level 12 in Stealth
  9289 | Lair:2   | Noticed a black mamba
  9291 | Lair:2   | Noticed Gastronok
  9317 | Lair:2   | Killed a black mamba
  9317 | Lair:2   | Reached **** piety under Okawaru
  9452 | Lair:2   | Noticed a spiny frog
  9472 | Lair:2   | Reached skill level 10 in Spellcasting
  9476 | Lair:2   | Reached XP level 11. HP: 27/45 MP: 6/26
  9695 | Lair:2   | Noticed Sonja
  9697 | Lair:2   | Killed Sonja
  9697 | Lair:2   | Reached ***** piety under Okawaru
 10029 | Lair:1   | Killed a five-headed hydra
 10029 | Lair:1   | Reached skill level 13 in Stealth
 10180 | Lair:1   | Killed Grum
 10524 | Lair:2   | Received a gift from Okawaru
 10575 | Lair:2   | Killed Gastronok
 10707 | Lair:2   | Noticed a four-headed hydra
 10718 | Lair:2   | Killed a four-headed hydra
 11107 | Lair:2   | Gained mutation: You are partially covered in thin metallic scales (AC +2). [potion of beneficial mutation]
 11108 | Lair:2   | Lost mutation: You are dopey. (Int -2) [potion of beneficial mutation]
 11289 | Lair:3   | Reached XP level 12. HP: 44/48 MP: 19/28
 11543 | Lair:3   | Reached skill level 14 in Stealth
 11772 | Lair:3   | Noticed a five-headed hydra
 11777 | Lair:3   | Noticed an eight-headed hydra
 11780 | Lair:3   | Killed a five-headed hydra
 11797 | Lair:3   | Mangled by an eight-headed hydra

Skill      XL: |  1  2  3  4  5  6  7  8  9 10 11 12 |
---------------+-------------------------------------+-----
Hexes          | 4 5 6 7 8 9 |  9.5
Spellcasting   | 3 4 5 6 8 10 11 | 11.6
Short Blades   | 2 3 4 5 6 7 8 |  8.9
Stealth        | 5 6 7 8 9 10 12 13 14 | 14.2
Ice Magic      | 1 2 3 |  3.7
Dodging        | 4 5 7 8 9 |  9.3
Fighting       | 1 2 |  2.3
Evocations     | 2 4 6 8 |  8.4
Conjurations   | |  0.4

Action                   |  1- 3 |  4- 6 |  7- 9 | 10-12 || total
-------------------------+-------+-------+-------+-------++-------
Melee: Dagger            |    56 |   119 |   199 |   218 ||   592
       Short sword       |       |       |       |    38 ||    38
 Cast: Corona            |     2 |       |       |       ||     2
       Ensorcelled Hiber |    12 |    37 |    47 |   117 ||   213
       Confuse           |       |     8 |    45 |    34 ||    87
       Dazzling Spray    |       |     1 |     5 |     8 ||    14
  Use: Potion            |       |    10 |     2 |     6 ||    18
       Scroll            |       |     5 |     4 |     5 ||    14
 Stab: Sleeping          |    21 |    35 |    38 |   111 ||   205
       Distracted        |     1 |       |       |       ||     1
       Confused          |       |     3 |    16 |    16 ||    35
       Invisible         |       |       |     2 |     9 ||    11
  Eat: Pizza             |       |     1 |     1 |     4 ||     6
       Bread ration      |       |     1 |     1 |       ||     2
Armor: Robe              |     5 |    30 |    22 |    16 ||    73
       Skin              |       |       |       |    26 ||    26
Dodge: Dodged            |    25 |   149 |   124 |   185 ||   483
